 Dungeon Crawl Stone Soup version 0.29-a0-923-g6e406bff71 (webtiles) character file.

Game seed: 6282694882944154101

9 Iscandelvey the Vexing (level 2, 21/21 HPs)
             Began as a Demonspawn Arcane Marksman on July 27, 2022.
             Quit the game on level 1 of the Dungeon.
             The game lasted 00:00:16 (310 turns).

Iscandelvey the Vexing (Demonspawn Arcane Marksman)  Turns: 310, Time: 00:00:16

Health: 21/21      AC:  2    Str: 10    XL:     2   Next: 3%
Magic:  3/3        EV: 12    Int: 14    God:
Gold:   14         SH:  0    Dex: 13    Spells: 2/3 levels left

rFire   . . .      SeeInvis .   a - +1 sling
rCold   . . .      Faith    .   (no shield)
rNeg    . . .      Spirit   .   c - +0 robe
rPois   .          Reflect  .   (no helmet)
rElec   .          Harm     .   (no cloak)
rCorr   .          Rampage  .   (no gloves)
Will    .....                   (no boots)
Stlth   +.........              (no amulet)
HPRegen 0.07/turn               (no ring)
MPRegen 0.08/turn               (no ring)

@: no status effects
A: claws 1
a: no special abilities


You were on level 1 of the Dungeon.
You visited 1 branch of the dungeon, and saw 1 of its levels.

You collected 14 gold pieces.

Inventory:

Hand Weapons
 a - a +1 sling (weapon)
Armour
 c - a +0 robe (worn)
Scrolls
 b - a scroll of vulnerability
 d - a scroll of identify {unknown}
Potions
 e - a potion of might {unknown}


   Skills:
 + Level 1.2 Fighting
 + Level 1.9 Ranged Weapons
 + Level 1.9 Dodging
 + Level 1.2 Spellcasting
 + Level 3.1 Hexes


You had 2 spell levels left.
You knew the following spells:

 Your Spells              Type           Power      Damage    Failure   Level
a - Slow                  Hex            36%        N/A       7%          1

Your spell library contained the following spells:

 Spells                   Type           Power      Damage    Failure   Level
 Ensorcelled Hibernation  Hex/Ice        10%        N/A       21%         2
 Passwall                 Tmut/Erth      0%         N/A       36%         2
 Inner Flame              Hex/Fire       5%         N/A       38%         3
 Portal Projectile        Hex/Tloc       10%        N/A       38%         3
 Cause Fear               Hex            4%         N/A       56%         4
 Swiftness                Air            0%         N/A       61%         3


Dungeon Overview and Level Annotations

Branches:
Dungeon (1/15)

Altars:


Innate Abilities, Weirdness & Mutations

You have sharp fingernails.


Message History

No target in view!
No target in view!
There is a stone staircase leading down here.
You now have 14 gold pieces.
A bat comes into view.
You shoot a sling bullet. The sling bullet hits the bat.
You kill the bat!
No target in view!
No target in view!
A hobgoblin comes into view.
The hobgoblin shouts!
You shoot a sling bullet.
The sling bullet closely misses the hobgoblin.
You shoot a sling bullet.
The sling bullet closely misses the hobgoblin.
You shoot a sling bullet. The sling bullet hits the hobgoblin.
You kill the hobgoblin!
No target in view!
No target in view!
You see here a hobgoblin corpse.
There is a stone staircase leading down here.
You pick up a book of Burglary and begin reading...
You add the spells Passwall, Ensorcelled Hibernation and Swiftness to your library.
No target in view!
No target in view!
You see here a bat corpse.
Key pressed, stopping explore.
No target in view!
No target in view!
No target in view!
A bat comes into view.
You shoot a sling bullet.
The sling bullet hits the bat but does no damage.
You shoot a sling bullet. The sling bullet hits the bat!
You kill the bat!
You have reached level 2!
You feel monstrous as your demonic heritage exerts itself.
Your demonic ancestry asserts itself...
Your fingernails lengthen.
Are you sure you want to abandon this character and quit the game? (Confirm with "yes".)

############
...........#
#######.##.# #.##.# .
#.##.#
....##########.##.######
#....@.......##.......
###########..#########
#...........
##.########> #.# #. ##.#
#. #..# #. #.## #. #.#
#.


There were no monsters in sight!

Vanquished Creatures
  2 ball pythons (D:1)
  An endoplasm (D:1)
  A hobgoblin (D:1)
  4 bats (D:1)
8 creatures vanquished.

Notes
Turn   | Place    | Note
-------+----------+-------------------------------------------
     0 | D:1      | Iscandelvey the Demonspawn Arcane Marksman began the quest
                  | for the Orb.
     0 | D:1      | Reached XP level 1. HP: 15/15 MP: 2/2
   310 | D:1      | Discovered your monstrous ancestry.
   310 | D:1      | Gained mutation: You have sharp fingernails. [demonic
                  | ancestry]
   310 | D:1      | Reached XP level 2. HP: 21/21 MP: 3/3
   310 | D:1      | Quit the game

Illustrated notes

Levels and vault maps discovered:
D:1:      onia_arrival_pyramid, layout_loops_ring, nicolae_figureground_pulse

Action                   || total
-------------------------++-------
 Fire: Sling             ||    16
Armor: Robe              ||     1
Dodge: Dodged            ||     3

Table legend: (Time is in decaauts)
 A = Elapsed time spent in this place.
 B = Non-inter-level travel time spent in this place.
 C = Inter-level travel time spent in this place.
 D = Time resting spent in this place.
 E = Time spent auto-exploring this place.
 F = Levels seen in this place.
 G = Mean time per level.
                   A        B        C        D        E       F      G
               +--------+--------+--------+--------+--------+-----+--------+
         Total |    314 |    314 |      0 |      0 |    278 |   1 |  314.0 |
       Dungeon |    314 |    314 |      0 |      0 |    278 |   1 |  314.0 |
               +--------+--------+--------+--------+--------+-----+--------+

Top non-repeatable levels by time:
     D:1: 314 daAuts
